 Dungeon Crawl Stone Soup version 0.13-a0-1553-g7307ddf (webtiles) character file.

280 Kae the Cudgeler (level 5, -4/69 HPs)
             Began as a Minotaur Berserker on June 10, 2013.
             Was a Priest of Trog.
             Slain by a gnoll
             ... wielding a +0,+0 spear
              (9 damage)
             ... on Level 3 of the Dungeon.
             The game lasted 00:01:39 (1829 turns).

Kae the Cudgeler (Minotaur Berserker)               Turns: 1829, Time: 00:01:39

HP  -4/69        AC  2     Str 26      XL: 5   Next: 10%
MP   1/1         EV 13     Int  4      God: Trog [***...]
Gold 130         SH  0     Dex 11      Spells:  0 memorised,  4 levels left

Res.Fire  : . . .   See Invis. : .   a - +0 mace
Res.Cold  : . . .   Warding    : .   b - +0 animal skin
Life Prot.: . . .   Conserve   : .   (no shield)
Res.Poison: .       Res.Corr.  : .   (helmet restricted)
Res.Elec. : .       Clarity    : .   (no cloak)
Sust.Abil.: . .     Spirit.Shd : .   (no gloves)
Res.Mut.  : .       Stasis     : .   (no boots)
Res.Rott. : .       Flight     : .   (no amulet)
Saprovore : . . .                    (no ring)
                                     (no ring)

@: regenerating, berserking, very quick, quite resistant to hostile
enchantments, extremely unstealthy
A: retaliatory headbutt, horns 2
a: Burn Spellbooks, Berserk, Trog's Hand, Renounce Religion


You were on level 3 of the Dungeon.
You worshipped Trog.
Trog was greatly pleased with you.
You were hungry.

You visited 1 branch of the dungeon, and saw 3 of its levels.

You collected 110 gold pieces.

Inventory:

Hand weapons
 a - a +0,+0 mace (weapon)
Armour
 b - a +0 animal skin (worn)
Comestibles
 c - a bread ration
 f - a sausage
 u - a choko
 z - a chunk of orc flesh
Scrolls
 g - 2 scrolls of blinking {unknown}
 j - 2 scrolls of random uselessness {unknown}
 k - 3 scrolls of fear {unknown}
 l - a scroll of curse armour {unknown}
 m - a scroll of enchant armour {unknown}
 n - a scroll of remove curse {unknown}
 s - a scroll of magic mapping {unknown}
 t - a scroll of identify {unknown}
 x - a scroll of curse weapon {unknown}
Jewellery
 o - an uncursed ring of invisibility {unknown}
Potions
 d - 2 potions of confusion {unknown}
 e - a potion of heal wounds {unknown}
 h - a potion of brilliance {unknown}
 i - 3 potions of curing {unknown}
 q - a potion of blood {unknown}
 r - 3 potions of poison {unknown}
 v - a potion of agility {unknown}
 w - a potion of speed {unknown}


   Skills:
 + Level 4.6 Fighting
 * Level 5.0 Maces & Flails
 + Level 3.4 Armour
 + Level 3.4 Dodging


You had 4 spell levels left.
You didn't know any spells.

Dungeon Overview and Level Annotations

Branches:
Dungeon (3/27)

Altars:
Ashenzari


Innate Abilities, Weirdness & Mutations

You reflexively headbutt those who attack you in melee.
You have a pair of horns on your head.


Message History

You are feeling hungry.
The goblin shouts!
The gnoll hits you from afar with a spear.
* * * LOW HITPOINT WARNING * * *
The gnoll completely misses you. The gnoll hits you!
* * * LOW HITPOINT WARNING * * *
Unknown command.
You thump the gnoll! Your headbutt misses the gnoll.
The gnoll is severely wounded.
The goblin misses you. The gnoll misses you. The gnoll barely misses you.
Unknown command.
You closely miss the gnoll. Your headbutt misses the gnoll.
The gnoll is severely wounded.
The gnoll misses you. The goblin misses you.
Unknown command.
You sock the gnoll!
You kill the gnoll!
Trog accepts your kill.
The gnoll hits you from afar with a spear!
You die...

#.. #.# . #.###.#
....[.. ###......
#........ #.##..gg
..# ##### #....gS#
#.# #...# #@#
#.#### #...#
#.###....###...###
#.?............)).
##...#...#########
#!..##### (......
####..(.# #....#
##...#


You could see 2 gnolls, an adder and a goblin.

Vanquished Creatures
  An orc priest (D:3)
  A gnoll (D:3)
  4 adders (D:2)
  A worm (D:2)
  2 giant geckos
  7 orcs (D:3)
  8 bats
  A giant cockroach (D:1)
  9 goblins
  7 hobgoblins
  7 jackals
  A ball python (D:2)
  2 giant newts
  3 kobolds
  7 rats
61 creatures vanquished.

Vanquished Creatures (others)
  A kobold (D:2)
1 creature vanquished.

Grand Total: 62 creatures vanquished

Notes
Turn   | Place    | Note
--------------------------------------------------------------
     0 | D:1      | Kae, the Minotaur Berserker, began the quest for the Orb.
     0 | D:1      | Reached XP level 1. HP: 19/19 MP: 0/0
   106 | D:1      | Reached skill level 4 in Maces & Flails
   169 | D:1      | Reached XP level 2. HP: 20/26 MP: 0/0
   177 | D:1      | Acquired Trog's second power
   936 | D:2      | Reached XP level 3. HP: 27/33 MP: 1/1
  1079 | D:2      | Reached XP level 4. HP: 7/40 MP: 1/1
  1503 | D:2      | Found a shattered altar of Ashenzari.
  1753 | D:3      | Reached skill level 5 in Maces & Flails
  1753 | D:3      | Reached XP level 5. HP: 17/46 MP: 1/1
  1826 | D:3      | HP: 3/69 [gnoll (8)]
  1829 | D:3      | Slain by a gnoll

Action                   |  1- 3 |  4- 6 || total
-------------------------+-------+-------++-------
Melee: Mace              |    77 |    45 ||   122
Invok: Berserk           |       |     2 ||     2
       Trog's Hand       |       |     2 ||     2
